 Dungeon Crawl Stone Soup version 0.30.1-8-g117510f58f (webtiles) character file.

Game seed: 18384117643775497898

9537 monsoonserge the Cleaver (level 11, -2/148 HPs)
             Began as a Minotaur Berserker on Sept 22, 2023.
             Was a High Priest of Trog.
             Slain by a skeletal warrior
             ... wielding a +0 battleaxe
              (15 damage)
             ... on level 9 of the Dungeon.
             The game lasted 00:23:15 (9346 turns).

monsoonserge the Cleaver (Minotaur Berserker)       Turns: 9346, Time: 00:23:16

Health: -2/148     AC: 20    Str: 28    XL:     11   Next: 24%
Magic:  10/10      EV:  9    Int:  4    God:    Trog [*****.]
Gold:   974        SH:  0    Dex: 14    Spells: 10/10 levels left

rFire   . . .        n - +7 battleaxe (heavy)
rCold   . . .        (shield currently unavailable)
rNeg    . . .        L - +0 plate armour
rPois   .            (helmet restricted)
rElec   .            t - +2 cloak
rCorr   .            e - +0 pair of gloves
SInv    .            w - +0 pair of boots
Will    ++...        (no amulet) Stlth
                     (no ring)
HPRegen 1.44/turn    K - ring "Jarirut" {Fly Str+2 Dex+4 Stlth+}
MPRegen 0.12/turn

%: no passive effects
@: berserking, strong-willed, flying, regenerating, very quick
A: horns 2, retaliatory headbutt
a: Renounce Religion, Berserk, Trog's Hand, Brothers in Arms


You were on level 9 of the Dungeon.
You worshipped Trog.
Trog was extremely pleased with you.
You visited 2 branches of the dungeon, and saw 10 of its levels.
You also visited: Sewer, Ossuary and Bailey.

You collected 974 gold pieces.

Inventory:

Hand Weapons
 n - a +7 heavy battleaxe (weapon)
 y - a +2 flail of protection
 R - a +4 shortbow
Missiles
 c - 31 boomerangs (quivered)
 q - 10 poisoned darts
 G - 2 atropa-tipped darts
Armour
 e - a +0 pair of gloves (worn)
 i - a +0 leather armour
 k - a +0 ring mail
 t - a +2 cloak (worn)
 u - a +0 chain mail
 w - a +0 pair of boots (worn)
 E - a +0 buckler
 L - a +0 plate armour (worn)
Jewellery
 A - a ring of fire
 K - the ring "Jarirut" (right hand) {Fly Str+2 Dex+4 Stlth+}
   (You found it in a bailey)

   [ring of flight]

   Str:       It affects your strength (+2).
   Dex:       It affects your dexterity (+4).
   Fly:       It grants you flight.
   Stlth:     It makes you more stealthy.
Wands
 v - a wand of polymorph (14)
 x - a wand of digging (17)
 B - a wand of roots (14)
 J - a wand of light (2)
 P - a wand of flame (6)
 Q - a wand of mindburst (7)
Scrolls
 b - 3 scrolls of amnesia {unknown}
 d - 4 scrolls of fog {unknown}
 g - 8 scrolls of teleportation {unknown}
 h - a scroll of magic mapping {unknown}
 j - 4 scrolls of immolation {unknown}
 m - 7 scrolls of identify {unknown}
 r - a scroll of enchant weapon {unknown}
 s - 6 scrolls of enchant armour {unknown}
 I - a scroll of poison {unknown}
 O - a scroll of noise {unknown}
Potions
 a - a potion of resistance {unknown}
 f - 2 potions of lignification {unknown}
 l - 8 potions of curing {unknown}
 o - 9 potions of heal wounds {unknown}
 p - 3 potions of haste {unknown}
 z - 2 potions of degeneration {unknown}
 C - 2 potions of magic {unknown}
 D - a potion of mutation {unknown}
 F - 5 potions of flight
 H - a potion of invisibility {unknown}
 M - a potion of cancellation {unknown}
 N - a potion of might {unknown}


   Skills:
 + Level 9.9 Fighting
 + Level 10.9(12.7) Axes
 + Level 10.5(12.5) Maces & Flails
 + Level 1.3 Throwing
 + Level 10.0 Armour
 + Level 3.4 Dodging
 - Level 2.0 Stealth
 - Level 1.0 Shields
 + Level 4.0 Evocations


You had 10 spell levels left.
You didn't know any spells.
Your spell library contained the following spells:

 Spells                   Type           Power      Damage    Failure   Level
 Call Canine Familiar     Summ           0%         N/A       100%        3
 Ozocubu's Armour         Ice            0%         N/A       100%        3
 Portal Projectile        Hex/Tloc       0%         N/A       100%        3
 Leda's Liquefaction      Hex/Erth       0%         N/A       100%        4
 Ozocubu's Refrigeration  Ice            0%         4d7       100%        7


Dungeon Overview and Level Annotations

Branches:
Dungeon (9/15)             Temple (1/1) D:7            Lair (0/5) D:9
  Sewer (visited)         Ossuary (visited)          Bailey (visited)
    Orc: D:9-12

Altars:
Ashenzari
Cheibriados
Dithmenos
Elyvilon
Fedhas
Gozag
Hepliaklqana
Kikubaaqudgha
Makhleb
Nemelex Xobeh
Okawaru
Qazlal
Sif Muna
Trog
Uskayaw
Vehumet
Wu Jian
Xom
Yredelemnul
Zin

Shops:
D:5 (


Innate Abilities, Weirdness & Mutations

You have a pair of horns on your head.
You reflexively headbutt those who attack you in melee.


Message History

You headbutt the skeletal warrior, but do no damage.
The skeletal warrior is severely damaged.
The skeletal warrior hits you with a +0 short sword.
You chop the skeletal warrior into pieces!!!
You destroy the skeletal warrior!
Trog accepts your kill.
A skeletal warrior comes into view. It is wielding a +0 glaive.
You see here a +0 short sword.
The skeletal warrior hits you with a +0 glaive!!
You slice the skeletal warrior!!
You headbutt the skeletal warrior, but do no damage.
The skeletal warrior is heavily damaged.
The skeletal warrior hits you with a +0 glaive!
The skeletal warrior hits you with a +0 glaive.
You slash the skeletal warrior! You headbutt the skeletal warrior!
The skeletal warrior is severely damaged.
The skeletal warrior hits you with a +0 glaive!
* * * LOW HITPOINT WARNING * * *
You chop the skeletal warrior into pieces!!!
You destroy the skeletal warrior!
Trog accepts your kill.
A skeletal warrior comes into view. It is wielding a +0 battleaxe.
A skeletal warrior comes into view. It is wielding a +0 short sword.
Your Armour skill increases to level 10!
Your skin crawls.
You feel strong-willed.
The skeletal warrior hits you but does no damage.
A red film seems to cover your vision as you go berserk!
You feel yourself moving faster!
You feel mighty!
The skeletal warrior hits you with a +0 battleaxe.
* * * LOW HITPOINT WARNING * * *
Unknown command.
You slice the skeletal warrior!! You headbutt the skeletal warrior.
The skeletal warrior is severely damaged.
The skeletal warrior hits you with a +0 battleaxe!
* * * LOW HITPOINT WARNING * * *
You barely miss the skeletal warrior. You headbutt the skeletal warrior!
The skeletal warrior is almost destroyed.
The skeletal warrior hits you with a +0 battleaxe!
You die...

######....######..........#......
#....# #..........#...... #....#
####.#.########...... ######
#>.#.#.# #...... ##...#.# #######
###.#.# #.#.# #)# #@# #z# .z#
.#.# ....# ## #.# ..# ###


You could see 2 skeletal warriors.

Vanquished Creatures
  2 skeletal warriors (D:9)
  Joseph (D:9)
  A wyvern (D:9)
  24 yaks
  Menkaure (D:5)
  An acid dragon (D:8)
  2 ice beasts
  3 black bears (D:6)
  A sky beast (D:8)
  8 orc warriors
  3 centaurs
  A phantom (D:6)
  An elf zombie (Ossuary)
  3 bullfrogs
  A kobold brigand (D:8)
  2 scorpions
  14 wights
  3 killer bees (D:9)
  4 electric eels (D:7)
  2 centaur zombies (Ossuary)
  A gnoll bouda (D:5)
  5 orc priests
  5 human zombies (Ossuary)
  5 jellies
  2 sleepcaps (D:7)
  An iguana (D:5)
  3 orc wizards
  3 hound zombies (Ossuary)
  Robin (D:3)
  4 mummies
  12 gnolls
  10 adders
  6 river rats
  A shadow imp (D:6)
  2 white imps
  An ufetubus (D:5)
  3 adder zombies (Ossuary)
  3 worms
  A dart slug (D:4)
  29 orcs
  13 ball pythons
  2 bat zombies (D:4)
  4 endoplasms
  4 giant cockroaches
  21 goblins
  9 hobgoblins
  10 jackals
  29 kobolds
  7 quokkas
  2 bats (D:3)
  5 frilled lizards
  A goblin zombie (Ossuary)
  2 hobgoblin zombies (Ossuary)
  5 jackal zombies (Ossuary)
  2 kobold zombies (Ossuary)
  An orc zombie (Ossuary)
  3 quokka zombies (Ossuary)
  6 rats
  5 rat zombies
307 creatures vanquished.

Notes
Turn   | Place    | Note
-------+----------+-------------------------------------------
     0 | D:1      | monsoonserge the Minotaur Berserker began the quest for the
                  | Orb.
     0 | D:1      | Reached XP level 1. HP: 19/19 MP: 0/0
   103 | D:1      | Reached XP level 2. HP: 27/27 MP: 1/1
   631 | D:2      | Reached ** piety under Trog
   889 | D:2      | Reached XP level 3. HP: 28/33 MP: 2/2
  1249 | D:3      | Found a faded altar of an unknown god.
  1436 | D:3      | Reached XP level 4. HP: 34/41 MP: 3/3
  1473 | D:3      | Noticed Robin
  1525 | D:3      | Killed Robin
  1613 | D:3      | Reached skill level 1 in Maces & Flails
  1618 | D:3      | Reached XP level 5. HP: 46/47 MP: 4/4
  1789 | D:3      | Reached *** piety under Trog
  2296 | D:4      | Found an ancient bone altar of Kikubaaqudgha.
  2398 | D:4      | Found a sand-covered staircase.
  2410 | Ossuary  | Entered an ossuary
  2439 | Ossuary  | Reached XP level 6. HP: 55/55 MP: 5/5
  2479 | Ossuary  | Reached skill level 5 in Fighting
  2484 | Ossuary  | Reached skill level 1 in Evocations
  2566 | Ossuary  | Reached **** piety under Trog
  2574 | Ossuary  | Reached XP level 7. HP: 61/61 MP: 6/6
  2644 | Ossuary  | Reached skill level 5 in Maces & Flails
  4099 | D:5      | Entered Level 5 of the Dungeon
  4180 | D:5      | Found a burning altar of Makhleb.
  4282 | D:5      | Reached skill level 5 in Armour
  4358 | D:5      | Noticed Menkaure
  4363 | D:5      | Killed Menkaure
  4366 | D:5      | Reached XP level 8. HP: 70/70 MP: 7/7
  4433 | D:5      | Found a glowing drain.
  4441 | Sewer    | Entered a sewer
  4451 | Sewer    | Reached skill level 1 in Stealth
  4657 | Sewer    | Reached ***** piety under Trog
  5423 | D:5      | Found Foajozev's Antique Weapon Boutique.
  5967 | D:6      | Found a basalt altar of Yredelemnul.
  6426 | D:7      | Found a radiant altar of Vehumet.
  6458 | D:7      | Reached XP level 9. HP: 71/79 MP: 8/8
  6538 | D:7      | Reached skill level 10 in Maces & Flails
  6582 | D:7      | Found a flagged portal.
  6628 | Bailey   | Entered a bailey
  6664 | Bailey   | Reached skill level 1 in Shields
  6818 | Bailey   | Identified the ring "Jarirut" {Fly Str+2 Dex+4 Stlth+}
  6842 | Bailey   | Received a gift from Trog
  6947 | Bailey   | Reached skill level 1 in Throwing
  7042 | D:7      | Found a hazy altar of Hepliaklqana.
  7123 | D:7      | Reached skill level 5 in Axes
  7289 | D:7      | Found a staircase to the Ecumenical Temple.
  7295 | Temple   | Entered the Ecumenical Temple
  7837 | D:8      | Reached XP level 10. HP: 54/91 MP: 9/9
  8282 | D:8      | Found a snail-covered altar of Cheibriados.
  8997 | D:9      | Noticed Joseph
  9006 | D:9      | Killed Joseph
  9007 | D:9      | Reached skill level 10 in Axes
  9007 | D:9      | Reached XP level 11. HP: 60/99 MP: 10/10
  9251 | D:9      | Received a gift from Trog
  9323 | D:9      | Found a staircase to the Lair.
  9328 | D:9      | Noticed a skeletal warrior
  9337 | D:9      | Killed a skeletal warrior
  9337 | D:9      | Noticed a skeletal warrior
  9342 | D:9      | Killed a skeletal warrior
  9342 | D:9      | Noticed a skeletal warrior
  9342 | D:9      | Noticed a skeletal warrior
  9343 | D:9      | Reached skill level 10 in Armour
  9346 | D:9      | Slain by a skeletal warrior

Illustrated notes

Levels and vault maps discovered:
D:1:      roderic_dead_forest, layout_rooms, st_stairs_6
D:2:      layout_basic
D:3:      layout_basic, nicolae_ecumenical_oubliette,
          chequers_serial_rivers_large_a, nrook_campfire,
          minmay_misc_feat_plants, uniq_robin
D:4:      layout_layer_cave, lemuel_zombie_altar_kikubaaqudgha,
          nicolae_ossuary_entry_ruins, minmay_puff
D:5:      layout_loops_corners, overflow_temple_1_default, serial_shops, shop,
          gup_sewer_entry_bubbles, uniq_menkaure
D:6:      layout_loops_ring, yredelemnul_altar_generic
D:7:      layout_rooms, mainiacjoe_overflow_six_doors_small, old_standard_altar,
          minmay_temple_entry_fiery, enter_bailey_3, serial_bayou_lake_a
D:8:      layout_rooms, slow_altar_2
D:9:      layout_basic, tso_oasis_becter, lair_entry_dummy, uniq_joseph
Temple:   jpeg_temple_clearing

Skill      XL: |  1  2  3  4  5  6  7  8  9 10 11 |
---------------+----------------------------------+-----
Axes           | 4 6 10 | 10.9
Fighting       | 4 5 6 7 9 |  9.9
Armour         | 3 4 5 6 8 9 10 | 10.0
Maces & Flails | 1 3 4 6 9 10 | 10.5
Dodging        | 3 |  3.4
Evocations     | 1 2 4 |  4.0
Stealth        | 1 2 |  2.0
Shields        | 1 |  1.0
Throwing       | 1 |  1.3

Action                     |  1- 3 |  4- 6 |  7- 9 | 10-12 || total
---------------------------+-------+-------+-------+-------++-------
  Melee: Hand axe          |    69 |       |       |       ||    69
         Headbutt          |     9 |    33 |    65 |    19 ||   126
         Punch             |     2 |     1 |     1 |       ||     4
         Flail             |       |   157 |   338 |       ||   495
         Battleaxe         |       |       |    32 |    87 ||   119
  Throw: Boomerang         |       |     1 |     5 |     4 ||    10
         Dart              |       |       |     1 |       ||     1
 Invoke: Berserk           |       |       |     2 |     2 ||     4
         Trog's Hand       |       |       |       |     1 ||     1
 Armour: Animal skin       |     5 |       |       |       ||     5
         Ring mail         |    13 |    26 |       |       ||    39
         Chain mail        |       |    88 |   206 |       ||   294
         Plate armour      |       |       |    23 |    76 ||    99
  Dodge: Dodged            |    40 |    79 |   187 |    72 ||   378
  Block: Buckler           |       |       |    23 |       ||    23
